 Dungeon Crawl Stone Soup version 0.29.0-11-gd7f09526c8 (webtiles) character file.

Game seed: 28763232743551171

60 sanka the Vexing (level 3, -1/30 HPs)
             Began as a Demigod Arcane Marksman on Sept 5, 2022.
             Slain by a frilled lizard (3 damage)
             ... on level 2 of the Dungeon.
             The game lasted 00:02:58 (1933 turns).

sanka the Vexing (Demigod Arcane Marksman)          Turns: 1933, Time: 00:02:59

Health: -1/30      AC:  2    Str: 11    XL:     3   Next: 57%
Magic:  13/15      EV: 12    Int: 19    God:
Gold:   70         SH:  0    Dex: 14    Spells: 3/4 levels left

rFire   . . .      SeeInvis .   a - +1 sling
rCold   . . .      Faith    .   (no shield)
rNeg    . . .      Spirit   .   c - +0 robe
rPois   .          Reflect  .   (no helmet)
rElec   .          Harm     .   (no cloak)
rCorr   .          Rampage  .   (no gloves)
Will    .....                   (no boots)
Stlth   +.........              (no amulet)
HPRegen 0.10/turn               (no ring)
MPRegen 0.14/turn               i - ring of magical power

@: no status effects
A: high MP 1, forlorn, divine attributes
a: no special abilities


You were on level 2 of the Dungeon.
You visited 1 branch of the dungeon, and saw 2 of its levels.

You collected 70 gold pieces.


Innate Abilities, Weirdness & Mutations

You have an increased reservoir of magic. (+10% MP)
You shall have no god before yourself.
Your divine heritage dramatically boosts your attributes as you level up.


   Skills:
 + Level 2.9 Fighting
 - Level 2.0 Ranged Weapons
 - Level 2.0 Dodging
 - Level 1.0 Spellcasting
 - Level 3.0 Hexes


You had 3 spell levels left.
You knew the following spells:

 Your Spells              Type           Power      Damage    Failure   Level
z - Slow                  Hex            48%        N/A       5%          1

Your spell library contained the following spells:

 Spells                   Type           Power      Damage    Failure   Level
 Inner Flame              Hex/Fire       6%         N/A       30%         3
 Portal Projectile        Hex/Tloc       12%        N/A       30%         3
 Cause Fear               Hex            6%         N/A       47%         4

Inventory:

Hand Weapons
 a - a +1 sling (weapon)
Armour
 c - a +0 robe (worn)
Jewellery
 i - a ring of magical power (right hand)
Scrolls
 b - a scroll of poison {!r}
 d - 2 scrolls of amnesia {unknown}
 f - 3 scrolls of identify {unknown}
 h - a scroll of teleportation {unknown}
Potions
 e - a potion of degeneration {unknown}
 g - a potion of heal wounds {unknown}

Dungeon Overview and Level Annotations

Branches:
Dungeon (2/15)

Annotations:
D:2 Sigmund

▒▒...▒▒........
............▒........ .
............▒........ ..
............▒........
....l..........>........
.... ...................
..... ................▒
......▒▒▒.)......)▒▒.▒.▒
......†pl.........▒▒.▒..
......▒▒▒......▒▒..▒....
...............▒........
...............▒...▒....
.........▒▒▒▒......▒....
.. ...... ...▒........ .
.....( ....+........
...... .....▒ .......
... ......▒ .... ..


You could see a frilled lizard.


Message History

You shoot a sling bullet. The sling bullet hits the jackal.
You kill the jackal!
You shoot a sling bullet. The sling bullet hits the dart slug.
The dart slug is heavily wounded.
The frilled lizard bites you.
* * * LOW HITPOINT WARNING * * *
The dart slug launches a dart at you. The slug dart hits you.
* * * LOW HITPOINT WARNING * * *
Aiming: Slow (safe; 5% risk of failure)
Aim: a dart slug (heavily wounded, chance to affect: 68%)
The dart slug seems to slow down.
The frilled lizard bites you but does no damage.
Aiming: Slow (safe; 5% risk of failure)
Aim: a dart slug (heavily wounded, slow, chance to affect: 68%)
The dart slug seems to slow down.
The frilled lizard closely misses you.
The dart slug bites you but does no damage.
You shoot a sling bullet. The sling bullet hits the dart slug.
The dart slug is severely wounded.
The frilled lizard barely misses you.
You shoot a sling bullet. The sling bullet hits the dart slug.
You kill the dart slug!
The frilled lizard closely misses you. The frilled lizard bites you.
You die...

Action                   || total
-------------------------++-------
 Fire: Sling             ||   178
 Cast: Slow              ||     7
Armor: Robe              ||    46
Dodge: Dodged            ||   134

Levels and vault maps discovered:
D:1:      scummos_arrival_checkerplants, layout_loops_cross,
          hellmonk_ecumenical_altar_zigzags
D:2:      layout_basic, minmay_split_cup_small, uniq_sigmund

Notes
Turn   | Place    | Note
-------+----------+-------------------------------------------
     0 | D:1      | sanka the Demigod Arcane Marksman began the quest for the
                  | Orb.
     0 | D:1      | Reached XP level 1. HP: 15/15 MP: 4/4
    17 | D:1      | Reached skill level 2 in Ranged Weapons
   127 | D:1      | Reached skill level 3 in Hexes
   131 | D:1      | Reached skill level 2 in Dodging
   146 | D:1      | Reached skill level 1 in Fighting
   178 | D:1      | Reached XP level 2. HP: 13/23 MP: 5/5
   781 | D:1      | Reached skill level 2 in Fighting
  1173 | D:2      | Noticed Sigmund
  1215 | D:1      | Reached XP level 3. HP: 28/29 MP: 3/6
  1929 | D:2      | HP: 2/30 [frilled lizard (3)]
  1933 | D:2      | Slain by a frilled lizard

Vanquished Creatures
  2 dart slugs
  4 orcs (D:1)
  2 endoplasms
  4 giant cockroaches
  2 goblins (D:1)
  9 hobgoblins
  3 jackals (D:2)
  A quokka (D:1)
  5 ball pythons
  15 bats
  A kobold (D:1)
48 creatures vanquished.

Vanquished Creatures (others)
  7 fungi (D:1)
7 creatures vanquished.

Grand Total: 55 creatures vanquished
